 Dungeon Crawl Stone Soup version 0.18.1-47-g9310371 (webtiles) character file.

14901 Peloso the Blocker (level 11, -8/97 HPs)
             Began as a Minotaur Fighter on June 20, 2016.
             Was a High Priest of Okawaru.
             Mangled by a polar bear (12 damage)
             ... in an ice cave.
             The game lasted 00:38:25 (13888 turns).

Peloso the Blocker (Minotaur Fighter)              Turns: 13888, Time: 00:38:26

Health: -8/97      AC: 18    Str: 25    XL:     11   Next: 94%
Magic:  10/10      EV: 10    Int:  5    God:    Okawaru [*****.]
Gold:   540        SH: 14    Dex: 12    Spells: 0 memorised, 10 levels left

rFire  + . .     SeeInvis .     j - +0 short sword (curse)
rCold  + . .     Gourm    .     L - +0 plate armour
rNeg   . . .     Faith    .     c - +1 shield
rPois  +         Spirit   .     (helmet restricted)
rElec  .         Dismiss  .     (no cloak)
rCorr  .         Reflect  .     u - +2 pair of gloves "Xarronun" {rPois rF+ rC+ Str+3}
SustAt .         Harm     .     (no boots)
MR     .....                    (no amulet)
Stlth  ..........               (no ring)
                                h - ring of stealth

@: exhausted, slowed, very slow, not resistant to hostile enchantments,
extremely unstealthy
A: retaliatory headbutt, horns 2
a: Heroism, Finesse, Renounce Religion


You were in an ice cave.
You worshipped Okawaru.
Okawaru was extremely pleased with you.
You were not hungry.

You visited 3 branches of the dungeon, and saw 13 of its levels.
You also visited: Ice Cave.

You collected 540 gold pieces.

Inventory:

Hand Weapons
 a - a +1 long sword
 j - a cursed +0 short sword (weapon)
 r - the +5 mace "Xaclanio" {freeze, Int+3}
   (You found it on level 4 of the Dungeon)

   It has been specially enchanted to freeze those struck by it, causing extra
   injury to most foes and up to half again as much damage against particularly
   susceptible opponents.
   It can also slow down cold-blooded creatures.
   It affects your intelligence (+3).
 B - the +4 rapier of the Ancient Curses {pierce, Dex+2}
   (Okawaru gifted it to you on level 3 of the Lair of Beasts)

   It inflicts extra damage upon your enemies.
   It affects your dexterity (+2).
Armour
 b - a +0 scale mail
 c - a +1 shield (worn)
 u - the +2 pair of gloves "Xarronun" (worn) {rPois rF+ rC+ Str+3}
   (You acquired it on level 2 of the Lair of Beasts)

   It affects your strength (+3).
   It protects you from fire.
   It protects you from cold.
   It protects you from poison.
 y - a +0 pair of gloves
 L - a +0 plate armour (worn)
Jewellery
 h - a ring of stealth (left hand)
Wands
 g - a wand of lightning (8/15)
 l - a wand of polymorph (17/24)
 p - a wand of random effects (21/48)
 v - a wand of slowing (32/48)
 G - a wand of iceblast (6/15)
 J - a wand of random effects (29/48)
Scrolls
 i - 2 scrolls of enchant armour
 q - 5 scrolls of teleportation
 x - 3 scrolls of amnesia
Potions
 d - 3 potions of brilliance
 e - a potion of resistance
 k - a potion of curing
 m - 2 potions of cure mutation
 n - a potion of invisibility
 o - 2 potions of agility
 s - a potion of haste
 A - 3 potions of lignification {unknown}
 H - a potion of flight {unknown}
Books
 C - a book of Spatial Translocations

   Spells                             Type                      Level
   a - Apportation                    Translocation                1
   b - Blink                          Translocation                2
   c - Shroud of Golubria             Charms/Translocation         2
   d - Portal Projectile              Translocation                3
   e - Teleport Other                 Translocation                3
   f - Passage of Golubria            Translocation                4
Comestibles
 f - 11 bread rations
 z - a royal jelly
 I - 2 fruits
 K - a slice of pizza


   Skills:
 + Level 9.5 Fighting
 + Level 1.5(6.1) Short Blades
 + Level 10.2(10.3) Long Blades
 + Level 10.9 Armour
 + Level 8.4 Dodging
 + Level 1.9 Stealth
 + Level 12.7 Shields
 + Level 1.3 Invocations
 + Level 0.6 Evocations


You had 10 spell levels left.
You didn't know any spells.

Dungeon Overview and Level Annotations

Branches:
Dungeon (8/15)             Temple (1/1) D:5            Lair (4/8) D:8
  Swamp (0/4) Lair:3
  Snake: Lair:3-6    Spider: Lair:3-6

Altars:
Cheibriados
Elyvilon
Kikubaaqudgha
Nemelex Xobeh
Okawaru
Pakellas
Qazlal
Ru
Sif Muna
Trog
Vehumet
Xom
Yredelemnul
Zin
The Shining One

Shops:
D:5 *   D:8 :


Innate Abilities, Weirdness & Mutations

You reflexively headbutt those who attack you in melee.
You have a pair of horns on your head.


Message History

You block the wolf's attack.
The polar bear bites you but does no damage.
The polar bear barely misses you.
The polar bear claws you but does no damage.
The wolf bites you but does no damage. You block the polar bear's attack.
The polar bear claws you.
* * * LOW HITPOINT WARNING * * *
The polar bear claws you but does no damage.
You barely miss the polar bear.
The polar bear is moderately wounded.
You block the wolf's attack. The polar bear barely misses you.
The polar bear claws you but does no damage. x2
The wolf bites you.
* * * LOW HITPOINT WARNING * * *
You block the polar bear's attack.
The polar bear claws you but does no damage.
The polar bear claws you.
* * * LOW HITPOINT WARNING * * *
The polar bear bites you!
You die...

#### ##..##
###
##....##..##
#....h.....##
#.∩.@h†..h..#
#....h..##...Y
##....### #
##..## ####


You could see 3 polar bears and a wolf.

Vanquished Creatures
  2 black mambas
  6 spiny frogs
  A komodo dragon (Lair:3)
  5 polar bears
  5 blink frogs (Lair:3)
  A wyvern (D:8)
  28 yaks
  Eustachio (D:4)
  A basilisk (Lair:3)
  9 hippogriffs
  Edmund (D:5)
  7 water moccasins
  4 porcupines
  An ice beast (D:7)
  2 phantoms
  A wasp (D:8)
  5 black bears (Lair:1)
  A sky beast (D:7)
  An ogre (D:7)
  6 crocodiles
  4 centaurs
  A wolf (IceCv)
  6 giant frogs
  The ghost of Wardy2 the Slasher, a weakling DsFi (D:4)
  2 crimson imps
  A jelly (D:5)
  A giant frog zombie (D:5)
  3 orc wizards
  4 hounds
  5 iguanas
  2 giant frog skeletons
  Jessica (D:3)
  Natasha (twice) (D:4)
  3 worker ants
  5 sheep (Lair:3)
  Robin (D:2)
  2 howler monkey skeletons
  4 gnolls (D:2)
  22 river rats
  5 adders
  An adder skeleton (D:4)
  An adder zombie (D:5)
  4 worms
  6 dart slugs
  7 giant geckos
  12 orcs
  A ball python (D:1)
  9 giant cockroaches
  14 goblins
  5 hobgoblins (D:2)
  11 jackals
  8 kobolds
  7 quokkas
  14 bats
  A giant gecko skeleton (D:7)
  13 giant newts
  8 rats
  2 fungi (D:8)
  A plant (D:8)
288 creatures vanquished.

Vanquished Creatures (others)
  An orc (D:6)
  A rat (D:2)
  5 fungi
  A plant (Lair:2)
8 creatures vanquished.

Grand Total: 296 creatures vanquished

Notes
Turn   | Place    | Note
--------------------------------------------------------------
     0 | D:1      | Peloso the Minotaur Fighter began the quest for the Orb.
     0 | D:1      | Reached XP level 1. HP: 19/19 MP: 0/0
   120 | D:1      | Reached XP level 2. HP: 27/27 MP: 1/1
   255 | D:1      | Reached skill level 4 in Shields
   465 | D:1      | Reached XP level 3. HP: 27/33 MP: 2/2
   960 | D:2      | Reached skill level 1 in Dodging
   989 | D:2      | Reached XP level 4. HP: 17/40 MP: 3/3
  1391 | D:2      | Found an oddly glowing altar of Pakellas.
  1553 | D:2      | Noticed Robin
  1562 | D:2      | Killed Robin
  1562 | D:2      | Reached XP level 5. HP: 42/46 MP: 4/4
  1578 | D:2      | Reached skill level 5 in Shields
  1866 | D:3      | Found a shimmering altar of Xom.
  1979 | D:3      | Noticed Jessica
  1994 | D:3      | Killed Jessica
  2570 | D:4      | Reached skill level 5 in Armour
  2581 | D:4      | Noticed Wardy2's ghost (weakling DsFi)
  2588 | D:4      | HP: 1/46 [Wardy2's ghost (9)]
  2590 | D:4      | Killed Wardy2's ghost
  2590 | D:4      | Reached XP level 6. HP: 1/52 MP: 5/5
  2900 | D:4      | Noticed Natasha
  2904 | D:4      | Killed Natasha
  3160 | D:4      | Noticed Eustachio
  3192 | D:4      | Killed Eustachio
  3192 | D:4      | Reached XP level 7. HP: 45/60 MP: 6/6
  3338 | D:4      | Noticed Natasha
  3347 | D:4      | Killed Natasha
  3347 | D:4      | Reached skill level 6 in Shields
  3528 | D:4      | Got a scorched mace
  3529 | D:4      | Identified the +5 mace "Xaclanio" {freeze, Int+3} (You found it on level 4 of the Dungeon)
  3628 | D:5      | Entered Level 5 of the Dungeon
  3688 | D:5      | Found a staircase to the Ecumenical Temple.
  3696 | Temple   | Entered the Ecumenical Temple
  4124 | D:5      | Found Jifo's Assorted Antiques.
  4135 | D:5      | Found a radiant altar of Vehumet.
  4384 | D:5      | Noticed Edmund
  4403 | D:5      | Killed Edmund
  4403 | D:5      | Reached skill level 5 in Fighting
  4403 | D:5      | Reached skill level 5 in Long Blades
  4639 | D:5      | Reached XP level 8. HP: 68/68 MP: 7/7
  5315 | D:6      | Found a sparkling altar of Nemelex Xobeh.
  5377 | D:6      | Reached skill level 7 in Shields
  5434 | D:6      | Reached skill level 5 in Dodging
  5721 | D:6      | Found an iron altar of Okawaru.
  5722 | D:6      | Found a snail-covered altar of Cheibriados.
  5747 | D:6      | Found a stormy altar of Qazlal.
  5751 | D:6      | Became a worshipper of Warmaster Okawaru
  6687 | D:7      | Reached * piety under Okawaru
  6960 | D:7      | Reached skill level 8 in Shields
  6985 | D:7      | Reached XP level 9. HP: 68/75 MP: 8/8
  7313 | D:7      | Found a deep blue altar of Sif Muna.
  7483 | D:8      | Found Efuadeiq's Book Shoppe.
  7542 | D:8      | Found a staircase to the Lair.
  7610 | Lair:1   | Entered Level 1 of the Lair of Beasts
  7610 | Lair:1   | Noticed a spiny frog
  7619 | Lair:1   | Killed a spiny frog
  7619 | Lair:1   | Reached ** piety under Okawaru
  7912 | Lair:1   | Reached skill level 9 in Shields
  8227 | Lair:1   | Noticed a polar bear
  8246 | Lair:1   | Killed a polar bear
  8246 | Lair:1   | Reached *** piety under Okawaru
  8259 | Lair:1   | Reached skill level 1 in Stealth
  8520 | Lair:1   | Noticed a polar bear
  8520 | Lair:1   | Noticed a polar bear
  8542 | Lair:1   | Reached XP level 10. HP: 75/86 MP: 9/9
  8812 | D:8      | HP: 3/86 [wasp (2)]
  8812 | D:8      | Paralysed by a wasp for 2 turns
  9152 | Lair:1   | Reached skill level 10 in Shields
  9296 | Lair:1   | Noticed a black mamba
  9308 | Lair:1   | Killed a black mamba
  9598 | Lair:2   | Reached **** piety under Okawaru
  9906 | Lair:2   | Noticed a black mamba
  9912 | Lair:2   | Killed a black mamba
 10178 | Lair:2   | Noticed a spiny frog
 10193 | Lair:2   | Killed a spiny frog
 10193 | Lair:2   | Reached skill level 11 in Shields
 10570 | Lair:2   | Reached ***** piety under Okawaru
 10652 | Lair:2   | Noticed a spiny frog
 10665 | Lair:2   | Killed a spiny frog
 10874 | Lair:2   | Reached XP level 11. HP: 91/95 MP: 10/10
 11104 | Lair:2   | Identified a scroll of acquirement
 11107 | Lair:2   | Got a pair of distressingly furry gloves
 11118 | Lair:2   | Identified the +2 pair of gloves "Xarronun" {rPois rF+ rC+ Str+3} (You acquired it on level 2 of the Lair of Beasts)
 11290 | Lair:2   | Reached skill level 1 in Invocations
 11830 | Lair:2   | Reached skill level 10 in Armour
 12190 | Lair:3   | Reached skill level 12 in Shields
 12217 | Lair:3   | Found a staircase to the Swamp.
 12500 | Lair:3   | Reached skill level 10 in Long Blades
 12773 | Lair:3   | Received a gift from Okawaru
 12776 | Lair:3   | Got a smoking rapier {god gift}
 12777 | Lair:3   | Identified the +4 rapier of the Ancient Curses {pierce, Dex+2} (Okawaru gifted it to you on level 3 of the Lair of Beasts)
 13213 | Lair:3   | Reached skill level 1 in Short Blades
 13786 | Lair:4   | Noticed a four-headed hydra
 13837 | Lair:4   | Found a frozen archway.
 13852 | IceCv    | Entered an ice cave
 13888 | IceCv    | HP: 4/97 [polar bear (1)]
 13888 | IceCv    | Mangled by a polar bear

Skill      XL: |  1  2  3  4  5  6  7  8  9 10 11 |
---------------+----------------------------------+-----
Shields        | 4 5 6 8 9 11 12 | 12.7
Armour         | 4 5 6 7 8 9 10 | 10.9
Dodging        | 1 2 3 4 5 6 8 |  8.4
Long Blades    | 3 4 5 6 7 9 10 | 10.2
Fighting       | 4 5 6 7 8 9 |  9.5
Stealth        | 1 |  1.9
Invocations    | 1 |  1.3
Short Blades   | 1 |  1.5
Evocations     | |  0.6

Action                   |  1- 3 |  4- 6 |  7- 9 | 10-12 || total
-------------------------+-------+-------+-------+-------++-------
Melee: Long sword        |    76 |   229 |   352 |   427 ||  1084
       Headbutt          |     8 |    40 |    76 |   122 ||   246
       Short sword       |       |       |       |   162 ||   162
Invok: Heroism           |       |       |     2 |     5 ||     7
Evoke: Wand              |       |       |     7 |       ||     7
  Use: Scroll            |       |    10 |     7 |    13 ||    30
       Potion            |       |     1 |     2 |     8 ||    11
 Stab: Sleeping          |       |       |       |     1 ||     1
  Eat: Chunk             |       |     8 |    15 |    11 ||    34
       Beef jerky        |       |       |     2 |       ||     2
       Meat ration       |       |       |       |     1 ||     1
       Fruit             |       |       |       |     1 ||     1
       Bread ration      |       |       |       |     1 ||     1
Armor: Scale mail        |    50 |   106 |   123 |    61 ||   340
       Plate armour      |       |       |       |   184 ||   184
Dodge: Dodged            |    35 |    95 |   135 |   240 ||   505
Block: Shield            |    70 |   157 |   250 |   488 ||   965
